 Dungeon Crawl Stone Soup version 0.28.0-53-g5a82cb258f (webtiles) character file.

Game seed: 7948472460948393721

165 safid the Chopper (level 5, -3/46 HPs)
             Began as a Hill Orc Fighter on July 10, 2022.
             Slain by Grinder (5 damage)
             ... on level 3 of the Dungeon.
             The game lasted 00:02:48 (2981 turns).

safid the Chopper (Hill Orc Fighter)                Turns: 2981, Time: 00:02:49

Health: -3/46      AC:  9    Str: 21    XL:     5   Next: 46%
Magic:  5/5        EV:  9    Int:  8    God:
Gold:   91         SH:  4    Dex: 10    Spells: 4/4 levels left

rFire   . . .      SeeInvis .   a - +0 war axe
rCold   . . .      Faith    .   c - +0 buckler
rNeg    . . .      Spirit   .   b - +0 scale mail
rPois   .          Reflect  .   (no helmet)
rElec   .          Harm     .   p - +1 cloak
rCorr   .          Rampage  .   (no gloves)
Will    .....                   (no boots)
Stlth   ..........              (no amulet)
HPRegen 0.15/turn               (no ring)
MPRegen 0.09/turn               (no ring)

@: no status effects
A: no striking features
a: no special abilities


You were on level 3 of the Dungeon.
You visited 1 branch of the dungeon, and saw 3 of its levels.

You collected 91 gold pieces.

Inventory:

Hand Weapons
 a - a +0 war axe (weapon)
Missiles
 e - 4 javelins (quivered)
 f - 2 poisoned darts
Armour
 b - a +0 scale mail (worn)
 c - a +0 buckler (worn)
 p - a +1 cloak (worn)
Scrolls
 i - a scroll of torment {unknown}
 k - 2 scrolls of identify {unknown}
 m - a scroll of amnesia {unknown}
 o - a scroll of enchant weapon {unknown}
 q - a scroll of holy word {unknown}
Potions
 d - a potion of might
 g - a potion of heal wounds {unknown}
 h - 2 potions of lignification {unknown}
 j - 3 potions of degeneration {unknown}
 l - 2 potions of curing {unknown}
 n - a potion of ambrosia {unknown}


   Skills:
 - Level 4.0 Fighting
 + Level 5.9 Axes
 - Level 4.0 Armour
 - Level 4.0 Shields


You had 4 spell levels left.
You didn't know any spells.
Your spell library contained the following spells:

 Spells                   Type           Power      Damage    Failure   Level
 Ozocubu's Armour         Ice            0%         N/A       99%         3
 Metabolic Englaciation   Hex/Ice        0%         N/A       100%        5
 Simulacrum               Ice/Necr       0%         N/A       100%        6


Dungeon Overview and Level Annotations

Branches:
Dungeon (3/15)

Altars:
Gozag

Annotations:
D:3 Grinder


Message History

You closely miss Grinder. You closely miss the kobold.
The kobold barely misses you. Grinder closely misses you.
Unknown command.
You hit the kobold.
The kobold is severely wounded.
You hit Grinder but do no damage. The kobold hits you but does no damage.
Grinder gestures at you. Pain shoots through your body!
Unknown command.
You slash the kobold!
You kill the kobold!
You hit Grinder but do no damage.
Grinder blinks!
Unknown command.
Things that are here:
a +0 whip; a kobold corpse; a frilled lizard corpse Grinder hits you.
You writhe in agony.
You slash Grinder!
Grinder is moderately wounded.
Grinder hits you.
You writhe in agony.
Grinder hits you!
* * * LOW HITPOINT WARNING * * *
You writhe in agony.
* * * LOW HITPOINT WARNING * * *
Unknown command.
You slash Grinder!
Grinder is severely wounded.
Grinder blinks!
Unknown command.
You barely miss Grinder.
Grinder is severely wounded.
Grinder blinks!
Unknown command.
Throw: 5 javelins
Press: ? - help, Q - select action, (/) - cycle Shift-Dir - straight line, f - Grinder
Aim: Grinder (severely wounded, 53% to hit)
You throw a javelin. The javelin closely misses Grinder.
Unknown command.
Grinder hits you!
* * * LOW HITPOINT WARNING * * *
You writhe in agony.
You die...

#### ...# ##.#
#..###############
.................#
#..####.########.# ...[#
#.# ######.###.#... ..#.#
#.###...).@.(..$.#
.##.###.....##).#5.#.....
###............###...#.##
.##.##########..# .#.#.##
..#.# ##.>.##.#..# ..).#
#.## #..# #.# #..## .#
#..# #.##.. ..## .. ..#
...... #.# .# #.# #.##.#


You could see Grinder.

Vanquished Creatures
  Jessica (D:2)
  Terence (D:3)
  3 adders
  3 worms
  3 dart slugs
  An orc (D:3)
  3 ball pythons
  5 endoplasms
  3 giant cockroaches (D:3)
  8 goblins
  8 hobgoblins
  4 quokkas
  7 bats
  4 frilled lizards
  6 kobolds
  9 rats
69 creatures vanquished.

Notes
Turn   | Place    | Note
-------+----------+-------------------------------------------
     0 | D:1      | safid the Hill Orc Fighter began the quest for the Orb.
     0 | D:1      | Reached XP level 1. HP: 19/19 MP: 1/1
   105 | D:1      | Reached XP level 2. HP: 27/27 MP: 2/2
   119 | D:1      | Reached skill level 3 in Axes
   575 | D:1      | Reached XP level 3. HP: 33/33 MP: 3/3
   976 | D:1      | Found a faded altar of an unknown god.
  1278 | D:2      | Reached XP level 4. HP: 40/40 MP: 4/4
  1293 | D:2      | Noticed Jessica
  1307 | D:2      | Killed Jessica
  1308 | D:2      | Reached skill level 4 in Axes
  2184 | D:2      | Found an opulent altar of Gozag.
  2356 | D:3      | Reached skill level 5 in Axes
  2382 | D:3      | Noticed Terence
  2388 | D:3      | Killed Terence
  2389 | D:3      | Reached XP level 5. HP: 30/46 MP: 5/5
  2960 | D:3      | Noticed Grinder
  2981 | D:3      | HP: 2/46 [Grinder (8)]
  2981 | D:3      | Slain by Grinder

Illustrated notes

Levels and vault maps discovered:
D:1:      zelgadis_glass_arrival_small, layout_loops_corners,
          ebering_ecumenical_altar_webs, dk_noncrumbling_3
D:2:      minmay_alternating_diamond, layout_basic, basic_altar, uniq_jessica
D:3:      layout_loops_ring, minmay_circle_x, uniq_crazy_yiuf_cottage,
          uniq_grinder, uniq_terence

Skill      XL: |  1  2  3  4 |
---------------+-------------+-----
Axes           | 3 5 |  5.9
Fighting       | 4 |  4.0
Shields        | 4 |  4.0
Armour         | 4 |  4.0

Action                   |  1- 3 |  4- 6 || total
-------------------------+-------+-------++-------
Melee: War axe           |    81 |   122 ||   203
Throw: Javelin           |       |     1 ||     1
Armor: Scale mail        |    46 |    59 ||   105
Dodge: Dodged            |    35 |    50 ||    85
Block: Buckler           |    22 |    25 ||    47
